 Dungeon Crawl Stone Soup version 0.31-a0-435-g2c6fae2916 (webtiles) character file.

Game seed: 679418935828530512

7181 Gelion the Mimic (level 11, 0/78 HPs)
             Began as an Octopode Shapeshifter on Aug 1, 2023.
             Was an Initiate of Gozag.
             Slain by an orc warrior
             ... wielding a +0 glaive
              (21 damage)
             ... in a bailey.
             The game lasted 00:16:00 (9720 turns).

Gelion the Mimic (Octopode Shapeshifter)            Turns: 9720, Time: 00:16:08

Health: 0/78       AC:  5    Str: 15    XL:     11   Next: 11%
Magic:  11/11      EV: 13    Int: 11    God:    Gozag
Gold:   974        SH:  0    Dex: 16    Spells: 10/10 levels left

rFire   . .          .
                       - Unarmed
rCold   . . .        q - orb {light}
rNeg    . . .        (helmet currently unavailable)
rPois   .            (no amulet)
rElec   .            d - ring of willpower
rCorr   +            m - ring of resist corrosion
SInv    +            p - +4 ring of protection
Will    +....        r - ring of see invisible
Stlth   +            (no ring)
HPRegen 0.33/turn    (no ring)
MPRegen 0.12/turn    (no ring)
                     (no ring)

%: no passive effects
@: beast-form, glowing
A: beast (slay +7), almost no armour, amphibious, 8 rings, camouflage 1,
gelatinous body 1, (nimble swimmer 1), tentacles
a: Begin Untransformation, Renounce Religion, Potion Petition, Call Merchant,
Bribe Branch


You were in a bailey.
You worshipped Gozag.
Gozag was pleased with you.
You were a hulking beast.
You visited 2 branches of the dungeon, and saw 10 of its levels.
You also visited: Bailey.

You collected 1650 gold pieces.
You paid 676 gold pieces to Gozag.

Inventory:

Missiles
 g - 4 throwing nets
Armour
 q - an orb of light (worn)
 t - a +0 kite shield
Jewellery
 d - a ring of willpower (left tentacle)
 m - a ring of resist corrosion (right tentacle)
 p - a +4 ring of protection (on tentacle)
 r - a ring of see invisible (on tentacle)
Talismans
 b - a beast talisman (active)
Wands
 h - a wand of polymorph (9)
 s - a wand of light (9)
Scrolls
 j - 2 scrolls of fog
 n - 2 scrolls of enchant weapon
 u - 3 scrolls of poison
 v - a scroll of torment
Potions
 a - 3 potions of lignification
 c - 2 potions of mutation
 e - 2 potions of might
 f - a potion of berserk rage
 i - a potion of heal wounds {unknown}
 k - a potion of degeneration
 l - 3 potions of haste
 o - a potion of invisibility {unknown}
 w - 4 potions of brilliance
 x - a potion of resistance {unknown}
 z - a potion of cancellation {unknown}


   Skills:
 + Level 8.5 Fighting
 - Level 2.0 Dodging
 + Level 9.0 Unarmed Combat
 * Level 10.5 Shapeshifting


You had 10 spell levels left.
You didn't know any spells.
Your spell library contained the following spells:

 Spells                   Type           Power      Damage    Failure   Level
 Magic Dart               Conj           0%         1d3       34%         1
 Slow                     Hex            0%         N/A       34%         1
 Sting                    Tmut/Pois      0%         1d3       34%         1
 Call Imp                 Summ           0%         N/A       47%         2
 Poisonous Vapours        Pois/Air       0%         N/A       47%         2
 Confusing Touch          Hex            0%         N/A       71%         3
 Gell's Gravitas          Tloc           0%         N/A       71%         3
 Inner Flame              Hex/Fire       0%         N/A       71%         3
 Mephitic Cloud           Conj/Pois/Air  0%         N/A       71%         3
 Teleport Other           Tloc           0%         N/A       71%         3
 Vampiric Draining        Necr           0%         2d6       71%         3
 Volatile Blastmotes      Fire/Tloc      0%         2d10      71%         3
 Olgreb's Toxic Radiance  Pois           0%         N/A       98%         4
 Sticky Flame             Conj/Fire      0%         2d3       98%         4
 Summon Forest            Summ/Tloc      0%         N/A       100%        5
 Dispersal                Tloc           0%         N/A       100%        6
 Eringya's Noxious Bog    Tmut/Pois      0%         4d6       100%        6
 Summon Hydra             Summ           0%         N/A       100%        7
 Fire Storm               Conj/Fire      0%         5d1       100%        9


Dungeon Overview and Level Annotations

Branches:
Dungeon (9/15)             Temple (1/1) D:4            Lair (0/5) D:9
 Bailey (1/1)
    Orc: D:9-12

Altars:
Ashenzari
Cheibriados
Dithmenos
Elyvilon
Fedhas
Gozag
Hepliaklqana
Kikubaaqudgha
Makhleb
Nemelex Xobeh
Okawaru
Qazlal
Sif Muna
Trog
Uskayaw
Vehumet
Wu Jian
Xom
Yredelemnul
Zin
The Shining One

Shops:
D:7 !

Annotations:
D:8 1 runed translucent door, exclusion: 4 orange crystal statues


Innate Abilities, Weirdness & Mutations

You are a hulking beast.
Your limbs bulge with bestial killing power. (Slay +7)
You cannot wear most types of armour.
You are amphibious.
You can wear up to eight rings at the same time.
Your skin changes colour to match your surroundings (Stealth+).
Your rubbery body absorbs attacks. (AC +1, EV +1)
((You are camouflaged when in or above water. (Stealth+)))
You have tentacles for arms and can constrict up to eight enemies at once.


Message History

The orc barely misses you.
You completely miss the orc warrior.
The orc warrior is lightly wounded.
You constrict the orc warrior. The orc warrior closely misses you.
The orc hits you but does no damage.
You batter the orc warrior!! You squeeze the orc warrior.
You kill the orc warrior!
The orc closely misses you.
Your Unarmed Combat skill increases to level 9!
The orc is distracted by your dazzling golden aura.
Things that are here:
7 gold pieces; a +0 trident; a +0 ring mail You catch the helpless orc completely off-guard!
You bludgeon the orc!
You kill the orc!
An orc warrior comes into view. It is wielding a +0 glaive.
The orc warrior shouts!
Things that are here:
5 gold pieces; a +0 halberd The orc warrior hits you from afar with a +0 glaive!
The orc warrior closely misses you.
There is an open gate here.
You bludgeon the orc warrior! Your grab misses the orc warrior.
You squeeze the orc warrior, but do no damage.
The orc warrior is moderately wounded.
The orc warrior hits you with a +0 glaive!!
You are too injured to fight recklessly!
You are too injured to fight recklessly!
You tentacle-slap the orc warrior. Your grab misses the orc warrior.
You squeeze the orc warrior!
The orc warrior is heavily wounded.
The orc warrior hits you with a +0 glaive!
* * * LOW HITPOINT WARNING * * *
You barely miss the orc warrior. You grab the orc warrior.
You tentacle-slap the orc warrior.
The orc warrior is severely wounded.
You constrict the orc warrior, but do no damage.
The orc warrior hits you with a +0 glaive!!
You die...
Your body crumbles into a pile of gold.

###### #######
#.....#########.....##
.......#.$..$#.......###
..#.oh..$$$'.).##..#))
.......'.....'.)..8.))))
....#..'.....'...##..#).
.......#.....#.......###
#.....#########.....##
##### #######


You could see an orc warrior.

Vanquished Creatures
  Erica (D:8)
  An orc knight (Bailey)
  Pikel (D:7)
  A cyclops (D:9)
  A troll (D:8)
  Grinder (D:4)
  A wyvern (D:7)
  Grum (D:8)
  A steam dragon (D:7)
  The ghost of Jase the Changeling, an amateur MfSh of Hepliaklqana (D:6)
  Edmund (D:5)
  6 orc warriors
  3 black bears
  3 sky beasts
  2 ice beasts (D:7)
  An ogre (D:4)
  2 wolves (D:8)
  4 centaurs
  A phantom (D:5)
  Blork the orc (D:5)
  A kobold brigand (D:6)
  3 bullfrogs
  2 gnoll sergeants
  2 scorpions
  11 wights
  3 howler monkeys
  A crimson imp (D:6)
  A gnoll bouda (D:8)
  4 orc priests
  A hound (D:6)
  2 jellies
  Crazy Yiuf (D:3)
  6 iguanas
  5 orc wizards
  Robin (D:2)
  15 gnolls
  16 adders
  A shadow imp (D:5)
  A white imp (D:8)
  An ufetubus (D:5)
  3 worms
  4 dart slugs
  37 orcs
  6 ball pythons
  7 bats
  5 endoplasms
  3 giant cockroaches
  13 goblins
  11 hobgoblins
  7 jackals
  12 kobolds
  3 quokkas
  A frilled lizard (D:1)
  7 rats
231 creatures vanquished.

Notes
Turn   | Place    | Note
-------+----------+-------------------------------------------
     0 | D:1      | Gelion the Octopode Shapeshifter began the quest for the
                  | Orb.
     0 | D:1      | Reached XP level 1. HP: 13/13 MP: 1/1
    57 | D:1      | Reached XP level 2. HP: 7/18 MP: 2/2
   362 | D:1      | Reached XP level 3. HP: 23/23 MP: 3/3
   890 | D:2      | Noticed Robin
   902 | D:2      | Killed Robin
   905 | D:2      | Reached XP level 4. HP: 19/29 MP: 4/4
   976 | D:2      | Reached skill level 4 in Shapeshifting
  1131 | D:2      | Found a faded altar of an unknown god.
  1142 | D:2      | Reached XP level 5. HP: 35/35 MP: 5/5
  1871 | D:3      | Got the Discursus on Ignition
  1924 | D:3      | Reached XP level 6. HP: 12/41 MP: 6/6
  2455 | D:3      | Found a runed translucent door.
  2456 | D:3      | Noticed Crazy Yiuf
  2647 | D:3      | Killed Crazy Yiuf
  2810 | D:4      | Reached skill level 5 in Shapeshifting
  2810 | D:4      | Reached XP level 7. HP: 8/46 MP: 7/7
  2955 | D:4      | Noticed Grinder
  2967 | D:4      | Killed Grinder
  3122 | D:4      | Found a staircase to the Ecumenical Temple.
  3163 | Temple   | Entered the Ecumenical Temple
  3167 | Temple   | Became a worshipper of Gozag Ym Sagoz the Greedy
  3227 | D:4      | Reached skill level 5 in Unarmed Combat
  3607 | D:5      | Entered Level 5 of the Dungeon
  3615 | D:5      | Reached skill level 6 in Shapeshifting
  3615 | D:5      | Reached XP level 8. HP: 32/54 MP: 8/8
  3877 | D:5      | Found an ornate altar of the Wu Jian Council.
  3878 | D:5      | Found a white marble altar of Elyvilon.
  3881 | D:5      | Found a glowing golden altar of the Shining One.
  4022 | D:5      | Noticed Blork the orc
  4030 | D:5      | Killed Blork the orc
  4033 | D:5      | Found a shimmering blue altar of Sif Muna.
  4180 | D:5      | Noticed Edmund
  4196 | D:5      | Killed Edmund
  4197 | D:5      | Reached skill level 5 in Fighting
  4828 | D:6      | Found a stormy altar of Qazlal.
  4847 | D:6      | Reached skill level 7 in Shapeshifting
  4898 | D:6      | Reached XP level 9. HP: 49/61 MP: 9/9
  4998 | D:6      | Found a large runed translucent door.
  4998 | D:6      | Found a large runed translucent door.
  5015 | D:6      | Noticed Jase's ghost (amateur MfSh)
  5289 | D:6      | Found a burning altar of Makhleb.
  5683 | D:6      | Killed Jase's ghost
  6029 | D:7      | Reached skill level 8 in Shapeshifting
  6785 | D:7      | Reached XP level 10. HP: 67/69 MP: 10/10
  6937 | D:7      | Reached skill level 9 in Shapeshifting
  7178 | D:8      | Noticed Pikel
  7190 | D:7      | Killed Pikel
  7542 | D:8      | Found the +10 tower shield of Ignorance {rN+ Int-4}
  7549 | D:8      | Found a runed translucent door.
  7550 | D:8      | Noticed an orange crystal statue
  7565 | D:8      | Noticed Grum
  7575 | D:8      | Killed Grum
  7978 | D:8      | Noticed Erica
  7984 | D:8      | Killed Erica
  8462 | D:8      | Found a runed translucent door.
  8613 | D:8      | Noticed an orange crystal statue
  8613 | D:8      | Noticed an orange crystal statue
  8613 | D:8      | Noticed an orange crystal statue
  8614 | D:8      | Noticed an unseen horror
  8979 | D:9      | Noticed a cyclops
  8982 | D:9      | Killed a cyclops
  8983 | D:9      | Reached skill level 10 in Shapeshifting
  9048 | D:9      | Found a flagged portal.
  9097 | Bailey   | Entered a bailey
  9339 | Bailey   | Reached XP level 11. HP: 39/77 MP: 11/11
  9573 | Bailey   | Noticed an orc knight
  9583 | Bailey   | Killed an orc knight
  9720 | Bailey   | Slain by an orc warrior

Illustrated notes

Levels and vault maps discovered:
D:1:      matt_arrival_refuge, layout_basic, minmay_misc_feat_alley,
          minmay_pentomino_v4
D:2:      layout_loops_ring, shapermc_ecumenical_altar_totnotflames,
          nicolae_elevator_lobby_plus, uniq_robin
D:3:      layout_basic, chequers_serial_rivers_micro_b, uniq_crazy_yiuf_cottage
D:4:      layout_rooms, minmay_temple_entry_offerings, uniq_grinder
D:5:      layout_cave_pools, tgw_sif, grunt_temple_overflow_open, uniq_edmund,
          uniq_blork_the_orc
D:6:      layout_basic, makhleb_grotto_becter, nicolae_qazlal_beasts_of_the_sky,
          ebering_ghost_disaster_area, nicolae_the_louvre
D:7:      layout_basic
D:8:      layout_cave_pools, st_stairs_2, chequers_guarded_unrand_ignorance,
          uniq_erica, uniq_grum, uniq_pikel
D:9:      layout_loops_ring, dpeg_lair_monsters, enter_bailey_4
Temple:   hellmonk_temple_two_chambers
Bailey:   bailey_polearm_5, bailey

Skill      XL: |  1  2  3  4  5  6  7  8  9 10 11 |
---------------+----------------------------------+-----
Fighting       | 2 3 4 5 6 8 |  8.5
Shapeshifting  | 4 5 6 7 8 10 | 10.5
Unarmed Combat | 4 5 6 7 8 9 |  9.0
Dodging        | |  2.0

Action                     |  1- 3 |  4- 6 |  7- 9 | 10-12 || total
---------------------------+-------+-------+-------+-------++-------
  Melee: Unarmed           |    58 |   103 |   208 |   125 ||   494
         Constrict         |    11 |    23 |    61 |    32 ||   127
         Tentacles         |    15 |    23 |    66 |    40 ||   144
         Punch             |     1 |     3 |    16 |     7 ||    27
 Invoke: Call Merchant     |       |       |       |     1 ||     1
    Use: Scroll            |     1 |     2 |     6 |     6 ||    15
         Potion            |       |     2 |       |     3 ||     5
   Stab: Sleeping          |     7 |    10 |     3 |       ||    20
         Distracted        |       |       |     2 |     2 ||     4
 Armour: Skin              |     5 |     8 |    31 |    20 ||    64
  Dodge: Dodged            |    26 |    44 |    95 |   119 ||   284

Table legend: (Time is in decaauts)
 A = Elapsed time spent in this place.
 B = Non-inter-level travel time spent in this place.
 C = Inter-level travel time spent in this place.
 D = Time resting spent in this place.
 E = Time spent auto-exploring this place.
 F = Levels seen in this place.
 G = Mean time per level.
                   A        B        C        D        E       F      G
               +--------+--------+--------+--------+--------+-----+--------+
         Total |   9632 |   9329 |    303 |    710 |   7169 |  11 |  875.6 |
       Dungeon |   9027 |   8729 |    298 |    710 |   6714 |   9 | 1003.0 |
        Temple |      8 |      3 |      5 |      0 |      0 |   1 |    8.0 |
        Bailey |    596 |    596 |      0 |      0 |    455 |   1 |  596.0 |
               +--------+--------+--------+--------+--------+-----+--------+

Top non-repeatable levels by time:
     D:7: 1611 daAuts
     D:8: 1332 daAuts
     D:6: 1209 daAuts
     D:5: 1174 daAuts
     D:3: 1117 daAuts
     D:2: 974 daAuts
     D:1: 825 daAuts
     D:4: 666 daAuts
  Bailey: 596 daAuts
     D:9: 114 daAuts
  Temple: 8 daAuts
